AoeStats
← Dovahkiin

Oasis

509946536Analyzed
3v3 RM · 3d ago on Sep 28, 2026· 41m 0s· 6 players
Game mode
Random Map
Map size
Normal (6 player)
Population
200
Speed
Normal
Resources
Standard
Victory
Conquest
Starting age
Dark Age
Ending age
Imperial Age
RankedLock teamsTeams togetherTeam positionsShared explorationLock speedFull tech treeHidden civsTurbo modeCheats
Victory
Defeat
🇬🇧 Persians · United Kingdom
1110
+10
🇧🇷 Dravidians · Brazil
1080
+11
🇩🇴 Bohemians · Dominican Republic
1069
+11
🇩🇪 Persians · Germany
984
-11
🇳🇱 Khmer · Netherlands
967
-11
🇹🇷 Britons · Türkiye
936
-10
i aM Dixon x
9:17 Loom
11:05 Feudal Age
15:57 Castle Age
13:48 Double-Bit Axe
14:35 Horse Collar
16:17 Wheelbarrow
21:46 Heavy Plow
23:13 Bow Saw
24:29 Hand Cart
24:13 Gold Mining
27:33 Forging
27:29 Scale Barding Armor
27:13 Town Watch
30:09 Imperial Age
29:27 Iron Casting
29:42 Bloodlines
29:32 Husbandry
29:56 Chain Barding Armor
31:02 Gold Shaft Mining
31:52 Blast Furnace
30:24 Cavalier
35:45 Plate Barding Armor
35:59 Savar
38:57 Stone Mining
40:01 Conscription
Arietediron
5:59 Loom
13:36 Feudal Age
14:58 Wheelbarrow
16:14 Horse Collar
22:12 Castle Age
23:24 Hand Cart
22:44 Pikeman
25:18 Double-Bit Axe
25:46 Fervor
25:41 Heavy Plow
28:37 Chemistry
35:01 Masonry
38:08 Imperial Age
35:46 Murder Holes
36:15 Padded Archer Armor
36:06 Fletching
36:26 Forging
36:16 Scale Mail Armor
37:30 Wagenburg Tactics
38:13 Houfnice
39:20 Bow Saw
39:49 Hussite Reforms
.GT
11:44 Feudal Age
12:38 Double-Bit Axe
12:36 Horse Collar
16:43 Castle Age
18:09 Bow Saw
17:38 Pikeman
18:20 Squires
18:18 Loom
18:18 Pikeman
18:22 Pikeman
19:04 Squires
29:29 Light Cavalry
29:38 Light Cavalry
34:09 Wheelbarrow
33:20 Town Watch
34:56 Gold Mining
36:04 Stone Mining
37:08 Hand Cart
37:54 Heavy Plow
39:19 Caravan
42:41 Imperial Age
[AoS] jOhNChiLLy
5:23 Loom
11:08 Feudal Age
16:32 Castle Age
14:27 Double-Bit Axe
17:11 Stone Mining
18:40 Bow Saw
20:07 Horse Collar
23:46 Forging
23:42 Scale Barding Armor
25:13 Fletching
26:52 Chain Barding Armor
29:06 Elite Skirmisher
33:56 Wheelbarrow
35:32 Iron Casting
34:44 Pikeman
37:17 Scale Mail Armor
Dovahkiin
10:04 Feudal Age
12:36 Double-Bit Axe
14:01 Horse Collar
18:34 Castle Age
16:21 Loom
16:41 Padded Archer Armor
18:41 Fletching
19:44 Heavy Plow
20:21 Leather Archer Armor
22:39 Crossbowman
25:55 Bodkin Arrow
33:00 Ballistics
37:24 Imperial Age
35:31 Wheelbarrow
39:25 Chemistry
38:33 Siege Engineers
39:01 Ring Archer Armor
38:56 Hand Cart
[AoS] SenolMurat
6:53 Loom
11:01 Feudal Age
14:37 Double-Bit Axe
14:35 Horse Collar
21:24 Castle Age
23:57 Crossbowman
25:21 Padded Archer Armor
25:12 Fletching
28:31 Bow Saw
29:46 Heavy Plow
39:21 Imperial Age
37:58 Pikeman
38:41 Squires
Connection lost

Rejoining the realm…

Still unreachable

The connection could not be restored.

Session expired

The server has moved on; the page needs a fresh start.